 Dungeon Sprint DCSS version 0.22-a0-388-g09e6169 (webtiles) character file.

471 Kidiri the Thaumaturge (level 6, -1/37 HPs)
             Began as a Deep Elf Fire Elementalist on Apr 29, 2018.
             Was a Follower of Vehumet.
             Shot with an arrow by a centaur (9 damage)
             ... in the Dungeon (Sprint IX: "|||||||||||||||||||||||||||||").
             The game lasted 00:02:20 (653 turns).

Kidiri the Thaumaturge (Deep Elf Fire Elementalist)  Turns: 653, Time: 00:02:21

Health: -1/37      AC:  3    Str:  8    XL:     6   Next: 83%
Magic:  1/19       EV: 18    Int: 22    God:    Vehumet [*.....]
Gold:   0          SH:  0    Dex: 18    Spells: 9/22 levels left

rFire    . . .     SeeInvis .   n - +2 rapier (venom)
rCold    . . .     Gourm    .   (no shield)
rNeg     . . .     Faith    .   a - +0 robe
rPois    .         Spirit   .   (no helmet)
rElec    .         Reflect  .   o - +0 cloak
rCorr    .         Harm     .   (no gloves)
MR       .....     NoTele   +   (no boots)
Stlth    ++++......             (no amulet)
HPRegen  0.12/turn              p - +3 ring of strength
MPRegen  0.16/turn              q - +3 ring of dexterity

@: no status effects
A: no striking features
a: Renounce Religion


You were in the Dungeon.
You worshipped Vehumet.
Vehumet was aware of your devotion.
You were not hungry.

You visited 1 branch

Inventory:

Hand Weapons
 n - a +2 rapier of venom (weapon)
Armour
 a - a +0 robe (worn)
 o - a +0 cloak (worn)
Jewellery
 p - a +3 ring of strength (left hand)
 q - a +3 ring of dexterity (right hand)
Wands
 m - a wand of acid (10)
Scrolls
 i - 2 scrolls of blinking
 k - 2 scrolls of remove curse
 l - 2 scrolls of amnesia
Potions
 d - 5 potions of curing
 e - 3 potions of heal wounds
 f - a potion of haste
 g - 4 potions of magic
 h - a potion of invisibility
Comestibles
 c - a ration


   Skills:
 + Level 3.4 Fighting
 * Level 7.8 Dodging
 * Level 8.6 Stealth
 + Level 3.4 Unarmed Combat
 * Level 8.7 Spellcasting
 * Level 6.9 Conjurations
 + Level 5.8 Fire Magic


You had 9 spell levels left.
You knew the following spells:

 Your Spells              Type           Power        Failure   Level  Hunger
a - Flame Tongue          Conj/Fire      #####        1%          1    None
b - Throw Flame           Conj/Fire      #####.       1%          2    None
c - Conjure Flame         Conj/Fire      #####...     1%          3    None
d - Inner Flame           Hex/Fire       ###.....     6%          3    None
e - Sticky Flame          Conj/Fire      #####...     4%          4    ##.....


Dungeon Overview and Level Annotations

Branches:
Dungeon (1/1)

Altars:
Cheibriados
Dithmenos
Elyvilon
Fedhas
Gozag
Hepliaklqana
Kikubaaqudgha
Makhleb
Nemelex Xobeh
Okawaru
Qazlal
Ru
Sif Muna
Trog
Uskayaw
Vehumet
Wu Jian
Xom
Yredelemnul
Zin
The Shining One
Beogh
Jiyva
Lugonu


Message History

The hippogriff claws you but does no damage.
Unknown command.
The hippogriff burns!
The hippogriff burns!
You kill the hippogriff!
Vehumet accepts your kill.
You can now gain magical power from killing.
Vehumet offers you knowledge of Magic Dart.
Your Fighting skill increases to level 3!
Your Dodging skill increases to level 7!
Your Stealth skill increases to level 8!
Your Unarmed Combat skill increases to level 3!
Your Spellcasting skill increases to level 8!
Your Conjurations skill increases to level 6!
The centaur wields a shortbow.
The centaur shoots an arrow.
The arrow hits you.
* * * LOW HITPOINT WARNING * * *
There is an open door here.
You see here an arrow.
The centaur shoots an arrow.
The arrow hits you!
You die...

▓_▓
▓'▓
▓.▓
▓S▓
▓c▓
▓)▓
▓.▓
▓(▓
▓@▓
▓.▓
▓.▓
▓.▓
▓.▓
▓'▓
▓.▓
▓.▓
▓.▓


You could see a centaur and an adder.

Vanquished Creatures
  A hippogriff (D)
  A steam dragon (D)
  A black bear (D)
  A crimson imp (D)
  A worker ant (D)
  An adder (D)
  An adder zombie (D)
  An orc (D)
  2 hobgoblins (D)
  A frilled lizard (D)
  2 rats (D)
13 creatures vanquished.

Notes
Turn   | Place    | Note
-------+----------+-------------------------------------------
     0 | D        | Kidiri the Deep Elf Fire Elementalist began the quest for the Orb.
     0 | D        | Reached XP level 1. HP: 10/10 MP: 6/6
    69 | D        | Noticed a worker ant
    69 | D        | Noticed a crimson imp
    72 | D        | Reached XP level 2. HP: 11/16 MP: 3/8
    81 | D        | Killed a crimson imp
    81 | D        | Reached skill level 1 in Fighting
    81 | D        | Reached skill level 1 in Unarmed Combat
    81 | D        | Reached XP level 3. HP: 9/20 MP: 4/11
   298 | D        | Learned a level 2 spell: Throw Flame
   302 | D        | Learned a level 3 spell: Conjure Flame
   306 | D        | Learned a level 3 spell: Inner Flame
   316 | D        | Reached skill level 5 in Stealth
   316 | D        | Reached skill level 5 in Spellcasting
   316 | D        | Reached XP level 4. HP: 26/26 MP: 0/13
   436 | D        | Learned a level 4 spell: Sticky Flame
   439 | D        | Found a roughly hewn altar of Beogh.
   439 | D        | Found a snail-covered altar of Cheibriados.
   439 | D        | Found a shadowy altar of Dithmenos.
   439 | D        | Found a white marble altar of Elyvilon.
   439 | D        | Found a blossoming altar of Fedhas.
   439 | D        | Found an opulent altar of Gozag.
   446 | D        | Found a hazy altar of Hepliaklqana.
   447 | D        | Found a viscous altar of Jiyva.
   448 | D        | Found an ancient bone altar of Kikubaaqudgha.
   449 | D        | Found a corrupted altar of Lugonu.
   450 | D        | Found a burning altar of Makhleb.
   451 | D        | Found a sparkling altar of Nemelex Xobeh.
   452 | D        | Found an iron altar of Okawaru.
   453 | D        | Found a stormy altar of Qazlal.
   454 | D        | Found a sacrificial altar of Ru.
   455 | D        | Found a deep blue altar of Sif Muna.
   456 | D        | Found a bloodstained altar of Trog.
   457 | D        | Found a hide-covered altar of Uskayaw.
   458 | D        | Found a radiant altar of Vehumet.
   459 | D        | Found an ornate altar of the Wu Jian Council.
   460 | D        | Found a shimmering altar of Xom.
   461 | D        | Found a basalt altar of Yredelemnul.
   462 | D        | Found a glowing silver altar of Zin.
   463 | D        | Found a glowing golden altar of the Shining One.
   466 | D        | Became a worshipper of Vehumet
   510 | D        | Noticed a centaur
   510 | D        | Noticed a hippogriff
   510 | D        | Noticed a black bear
   510 | D        | Noticed a steam dragon
   515 | D        | Killed a steam dragon
   515 | D        | Reached skill level 5 in Conjurations
   515 | D        | Reached skill level 5 in Fire Magic
   515 | D        | Reached XP level 5. HP: 27/31 MP: 5/16
   611 | D        | Killed a black bear
   611 | D        | Reached XP level 6. HP: 30/36 MP: 7/18
   652 | D        | Killed a hippogriff
   652 | D        | Reached * piety under Vehumet
   652 | D        | Offered knowledge of Magic Dart by Vehumet.
   653 | D        | Shot with an arrow by a centaur

Vault maps used:
D:        linesprint

Skill      XL: |  1  2  3  4  5  6 |
---------------+-------------------+-----
Stealth        | 3 4 5 6 7 8 |  8.6
Dodging        | 3 4 6 7 |  7.8
Conjurations   | 2 3 5 6 |  6.9
Fighting       | 1 2 3 |  3.4
Unarmed Combat | 1 2 3 |  3.4
Spellcasting   | 4 5 7 8 |  8.7
Fire Magic     | 4 5 |  5.8

Action                   |  1- 3 |  4- 6 || total
-------------------------+-------+-------++-------
Melee: Unarmed           |     1 |       ||     1
       Club              |     7 |       ||     7
       Rapier            |       |     1 ||     1
 Cast: Flame Tongue      |    14 |     5 ||    19
       Conjure Flame     |     1 |     2 ||     3
       Inner Flame       |     1 |     1 ||     2
       Sticky Flame      |       |     4 ||     4
  Use: Potion            |     1 |       ||     1
       Scroll            |       |     1 ||     1
Armor: Robe              |     1 |     5 ||     6
Dodge: Dodged            |     2 |     4 ||     6

Table legend:
 A = Spawn XP
 B = Non-spawn XP
 C = Spawn XP percentage of total XP
 D = Spawn monster count
 E = Non-spawn monster count
 F = Spawn count percentage of total count
 G = Total turns spent on level
                    A         B        C        D         E        F      G
               +---------+---------+-------+---------+---------+-------+---------
         Total |       0 |     674 |   0.0 |       0 |      13 |   0.0 |   653
               +---------+---------+-------+---------+---------+-------+---------
             D |       0 |     674 |   0.0 |       0 |      13 |   0.0 |   653
               +---------+---------+-------+---------+---------+-------+---------
